 Dungeon Crawl Stone Soup version 0.16-a0-223-g37887f7 (webtiles) character file.

306 MackTheKnife the Slasher (level 6, -4/47 HPs)
             Began as a Human Fighter on Aug 19, 2014.
             Was an Initiate of Okawaru.
             Slain by a malarious mermaid
             ... wielding a +0 trident
              (15 damage)
             ... in a sewer.
             The game lasted 00:06:43 (3175 turns).

MackTheKnife the Slasher (Human Fighter)            Turns: 3175, Time: 00:06:43

HP  -4/47        AC  6     Str 17      XL: 6   Next: 67%
MP   6/6         EV  6     Int  8      God: Okawaru [......]
Gold 66          SH  9     Dex 14      Spells:  0 memorised,  5 levels left

rFire  . . .     SeeInvis .     a - +0 long sword
rCold  . . .     Clarity  .     b - +0 scale mail
rNeg   . . .     rCorr    .     c - +0 shield
rPois  .         rRot     .     (no helmet)
rElec  .         Spirit   .     (no cloak)
SustAb .         Warding  .     (no gloves)
rMut   .         Stasis   .     (no boots)
Gourm  .                        (no amulet)
MR     .....                    (no ring)
                                (no ring)

@: mesmerised, not resistant to hostile enchantments, extremely unstealthy
A: no striking features
a: Renounce Religion


You were in a sewer.
You worshipped Okawaru.
Okawaru was noncommittal.
You were not hungry.

You visited 1 branch of the dungeon, and saw 4 of its levels.
You also visited: Sewer.

You collected 66 gold pieces.


   Skills:
 + Level 3.4 Fighting
 - Level 6.3 Long Blades
 - Level 3.0 Armour
 - Level 3.0 Shields


You had 5 spell levels left.
You didn't know any spells.

Inventory:

Hand weapons
 a - a +0 long sword (weapon)
Armour
 b - a +0 scale mail (worn)
 c - a +0 shield (worn)
 e - a +0 cloak
Magical devices
 j - a wand of frost (11)
 p - a wand of confusion (12)
Comestibles
 d - 2 bread rations
 f - 3 meat rations
 g - a slice of pizza
Scrolls
 l - 3 scrolls of noise {!r}
 n - a scroll of remove curse
Potions
 h - a potion of lignification {unknown}
 k - a potion of heal wounds {unknown}
 m - 2 potions of flight
 o - a potion of brilliance {unknown}

▒▒·≈≈≈▒▒▒
··≈≈%≈∩∩▒
▒▒▒▒▒▒▒▒▒
≈≈≈≈≈≈▒▒▒▒▒▒▒▒▒▒
·≈≈≈≈≈≈≈≈≈≈≈≈≈≈▒ £
▒▒▒▒▒▒▒▒▒▒▒▒≈≈≈▒▒▒
·· ▒·▒≈≈≈▒▒▒≈▒▒▒
▒·▒▒rrm≈≈≈≈≈≈▒
▒····p··≈≈≈≈≈▒
▒▒▒▒▒▒▒···≈≈≈▒
···≈≈ ▒··· ▒▒


You could see a malarious mermaid and 2 rats.


Message History

The rat bites you but does no damage.
The malarious mermaid hits you from afar with a trident.
* * * LOW HITPOINT WARNING * * *
You block the rat's attack.
You closely miss the rat. You block the rat's attack.
The rat bites you but does no damage.
The malarious mermaid barely misses you.
You hit the rat but do no damage. The rat barely misses you.
The rat bites you but does no damage.
The malarious mermaid hits you from afar with a trident!
* * * LOW HITPOINT WARNING * * *
The rat splashes around in the water.
You block the rat's attack.
The malarious mermaid hits you but does no damage.
The rat splashes around in the water.
Found 8 gold pieces.
You see here an adder corpse.
Drink which item? (? for menu, Esc to quit)
You feel better.
It was a potion of curing.
The rat bites you.
* * * LOW HITPOINT WARNING * * *
The malarious mermaid hits you with a trident.
* * * LOW HITPOINT WARNING * * *
The rat splashes around in the water.
Drink which item? (? for menu, Esc to quit)
You feel better. The rat bites you but does no damage.
You block the rat's attack.
You hit the malarious mermaid.
The malarious mermaid is moderately wounded.
The malarious mermaid hits you with a trident!
You die...

Action                   |  1- 3 |  4- 6 || total
-------------------------+-------+-------++-------
Melee: Long sword        |   162 |   148 ||   310
Evoke: Wand              |       |     1 ||     1
  Use: Scroll            |     6 |       ||     6
       Potion            |       |     3 ||     3
  Eat: Chunk             |     2 |     3 ||     5
       Bread ration      |       |     1 ||     1

Vault maps used:
D:1:      minmay_arrival_wavy_path
D:2:      first_bread
D:3:      okawaru_gym_becter, uniq_grinder, uniq_sigmund,
          uniq_crazy_yiuf_cottage
D:4:      portal_sewer_entry_a, enter_ossuary_3, uniq_menkaure, uniq_eustachio,
          uniq_iyjb
Sewer:    sewer_sea

Notes
Turn   | Place    | Note
--------------------------------------------------------------
     0 | D:1      | MackTheKnife, the Human Fighter, began the quest for the Orb.
     0 | D:1      | Reached XP level 1. HP: 18/18 MP: 1/1
   123 | D:1      | Reached XP level 2. HP: 18/24 MP: 2/2
   361 | D:1      | Reached skill level 3 in Long Blades
   609 | D:1      | Reached XP level 3. HP: 27/29 MP: 3/3
  1441 | D:3      | Reached XP level 4. HP: 35/35 MP: 4/4
  1449 | D:3      | Reached skill level 4 in Long Blades
  1511 | D:3      | Noticed Bubba's ghost (average HESk)
  1523 | D:3      | Killed Bubba's ghost
  1523 | D:3      | Reached skill level 5 in Long Blades
  1523 | D:3      | Reached XP level 5. HP: 19/41 MP: 5/5
  1885 | D:3      | Noticed Crazy Yiuf
  1897 | D:3      | Killed Crazy Yiuf
  1897 | D:3      | Reached XP level 6. HP: 30/47 MP: 6/6
  2156 | D:3      | Reached skill level 6 in Long Blades
  2184 | D:3      | Found an iron altar of Okawaru.
  2205 | D:3      | Noticed Grinder
  2211 | D:3      | Became a worshipper of Warmaster Okawaru
  2211 | D:3      | Paralysed by Grinder for 5 turns
  2567 | D:4      | Found a glowing drain.
  2822 | Sewer    | Entered a sewer
  3171 | Sewer    | HP: 4/47 [malarious mermaid/trident (11)]
  3175 | Sewer    | Slain by a malarious mermaid

Vanquished Creatures
  The ghost of Bubba the Charmwright, an average HESk (D:3)
  Crazy Yiuf (D:3)
  A worker ant (D:4)
  6 adders
  A green rat (Sewer)
  A giant mite (Sewer)
  A giant gecko (D:1)
  5 bats
  2 giant cockroaches
  5 goblins
  8 hobgoblins
  2 jackals (D:1)
  2 kobolds
  2 quokkas
  3 ball pythons
  9 giant newts
  20 rats
70 creatures vanquished.
